 Dungeon Crawl Stone Soup version 0.21.1-1-g345015f (webtiles) character file.

2382 troglodite the Slasher (level 9, -8/69 HPs)
             Began as a Demonspawn Berserker on May 20, 2018.
             Was a Priest of Trog.
             Mangled by a hog (13 damage)
             ... on level 7 of the Dungeon.
             The game lasted 00:14:43 (4941 turns).

troglodite the Slasher (Demonspawn Berserker)       Turns: 4941, Time: 00:14:44

Health: -8/69      AC: 14    Str: 28    XL:     9   Next: 22%
Magic:  9/9        EV: 15    Int:  9    God:    Trog [***...]
Gold:   284        SH:  0    Dex: 15    Spells: 8/8 levels left

rFire    . . .     SeeInvis .   d - +0 falchion (protect)
rCold    + . .     Gourm    .   (no shield)
rNeg     . . .     Faith    .   p - +0 robe of Music {rElec} (curse)
rPois    .         Spirit   .   r - +0 helmet
rElec    +         Reflect  .   (no cloak)
rCorr    .         Harm     .   (no gloves)
MR       .....                  x - +0 pair of boots
Stlth    ++........             (no amulet)
HPRegen  0.21/turn              y - +3 ring of strength
MPRegen  0.11/turn              B - +2 ring of strength

@: mighty, protection aura, berserk cooldown, slowed, very slow
A: talons 2, icy blue scales 1, cold resistance 1, powered by pain 1
a: Berserk, Trog's Hand, Burn Spellbooks, Renounce Religion


You were on level 7 of the Dungeon.
You worshipped Trog.
Trog was most pleased with you.
You were very hungry.

You visited 1 branch of the dungeon, and saw 7 of its levels.

You collected 284 gold pieces.

Inventory:

Hand Weapons
 a - a +0 falchion
 d - a +0 falchion of protection (weapon)
 m - a +3 dagger of venom
Armour
 e - a +0 ring mail
 p - the cursed +0 robe of Music (worn) {rElec}
   (You found it on level 4 of the Dungeon)

   It insulates you from electricity.
   It has a curse placed upon it.
 r - a +0 helmet (worn)
 x - a +0 pair of boots (worn)
 z - a +0 chain mail
Jewellery
 y - a +3 ring of strength (left hand)
 B - a +2 ring of strength (right hand)
Scrolls
 f - 2 scrolls of blinking {unknown}
 j - 2 scrolls of fear
 k - 2 scrolls of teleportation
 s - a scroll of fog {unknown}
 v - 2 scrolls of enchant weapon
 C - a scroll of magic mapping {unknown}
Potions
 b - 2 potions of agility
 g - 2 potions of lignification
 h - a potion of brilliance
 i - a potion of heal wounds
 n - a potion of berserk rage
 o - a potion of cancellation
 q - 2 potions of curing
 t - a potion of flight {unknown}
 u - a potion of invisibility {unknown}
 w - 3 potions of degeneration {unknown}
 A - 3 potions of resistance
Comestibles
 c - 14 rations
 l - 2 chunks of flesh


   Skills:
 * Level 6.2 Fighting
 + Level 1.2(4.3) Short Blades
 + Level 6.7(6.8) Long Blades
 * Level 5.6 Armour
 * Level 5.6 Dodging
 + Level 2.0 Stealth


You had 8 spell levels left.
You didn't know any spells.

Dungeon Overview and Level Annotations

Branches:
Dungeon (7/15)             Temple (0/1) D:4

Altars:
Cheibriados
Elyvilon
Gozag
Hepliaklqana
Makhleb
Nemelex Xobeh
Sif Muna
Trog
Uskayaw
Wu Jian
Zin
The Shining One


Innate Abilities, Weirdness & Mutations

You have razor-sharp toenails.
You are partially covered in icy blue scales. (AC +2)
Your flesh is cold resistant. (rC+)
You sometimes gain a little power by taking damage.


Message History

You focus on the pain.
You feel mightier all of a sudden.
You are feeling very hungry.
You slash the hog!
The hog is moderately wounded.
The hog completely misses you.
You riposte.
You closely miss the hog.
The hog is moderately wounded.
The hog misses you.
You barely miss the hog.
The hog is moderately wounded.
The hog misses you. The hog barely misses you.
You riposte.
You barely miss the hog.
The hog is moderately wounded.
You slash the hog!
The hog is severely wounded.
The hog bites you but does no damage.
You hit the hog.
The hog is severely wounded.
The hog bites you!
You die...

.......... # #.##...###
####### #.###<........
#%%#..#
...)...#...#######%.#..#
..#(.....[.###..##..'..# .
#.........##..##..#).#
.............##..#†)#..#
.............##..#'########
..............((@†.........
.##...........##h#.........
. ##...>...#####.(.).......
######### ###.........
#......... #.........
#......... ##........
#..)...#.


You could see a hog.

Vanquished Creatures
  Pikel (D:5)
  3 hogs (D:7)
  A human (D:7)
  An ice beast (D:6)
  A phantom (D:6)
  4 ogres
  A centaur (D:6)
  3 bullfrogs (D:6)
  A scorpion (D:4)
  4 crimson imps
  2 hounds
  A jelly (D:6)
  An orc wizard (D:3)
  Terence (D:2)
  3 worker ants
  3 hound skeletons
  A worker ant zombie (D:5)
  11 adders
  3 oozes
  A worm (D:2)
  2 dart slugs
  3 leopard geckos
  4 orcs
  6 bats
  2 giant cockroaches
  7 goblins
  5 hobgoblins
  10 jackals
  A quokka (D:2)
  5 frilled lizards
  2 kobolds
  A leopard gecko skeleton (D:5)
  A quokka zombie (D:6)
  9 rats
105 creatures vanquished.

Notes
Turn   | Place    | Note
-------+----------+-------------------------------------------
     0 | D:1      | troglodite the Demonspawn Berserker began the quest for the Orb.
     0 | D:1      | Reached XP level 1. HP: 18/18 MP: 1/1
   430 | D:1      | Gained mutation: You are partially covered in icy blue scales. (AC +2) [demonic ancestry]
   430 | D:1      | Reached XP level 2. HP: 23/24 MP: 2/2
   791 | D:2      | Found a burning altar of Makhleb.
   794 | D:2      | Gained mutation: You have sharp toenails. [demonic ancestry]
   794 | D:2      | Reached XP level 3. HP: 26/29 MP: 3/3
   932 | D:2      | Reached XP level 4. HP: 36/36 MP: 4/4
   941 | D:2      | Reached ** piety under Trog
  1009 | D:2      | Noticed an ogre
  1015 | D:2      | Killed an ogre
  1015 | D:2      | Gained mutation: Your flesh is cold resistant. (rC+) [demonic ancestry]
  1015 | D:2      | Reached XP level 5. HP: 42/42 MP: 5/5
  1091 | D:2      | Noticed Terence
  1101 | D:2      | Killed Terence
  1141 | D:2      | Reached skill level 1 in Short Blades
  1687 | D:3      | Found an opulent altar of Gozag.
  1690 | D:3      | Found a bloodstained altar of Trog.
  1691 | D:3      | Found a hide-covered altar of Uskayaw.
  1725 | D:3      | Found a glowing silver altar of Zin.
  1798 | D:3      | Reached XP level 6. HP: 47/48 MP: 6/6
  1937 | D:3      | You fall through a shaft for 3 floors!
  2018 | D:6      | Gained mutation: You have razor-sharp toenails. [demonic ancestry]
  2018 | D:6      | Reached XP level 7. HP: 31/55 MP: 7/7
  2374 | D:5      | Entered Level 5 of the Dungeon
  2542 | D:5      | Found a hazy altar of Hepliaklqana.
  2542 | D:5      | Found an ornate altar of the Wu Jian Council.
  2738 | D:5      | Found a snail-covered altar of Cheibriados.
  2914 | D:4      | Reached *** piety under Trog
  2991 | D:4      | Found a glowing golden altar of the Shining One.
  3057 | D:3      | Found a white marble altar of Elyvilon.
  3593 | D:4      | Found a runed door.
  3598 | D:4      | Noticed Crazy Yiuf
  3696 | D:4      | Got an ancient robe
  3707 | D:4      | Identified the cursed +0 robe of Music {rElec} (You found it on level 4 of the Dungeon)
  3759 | D:4      | Found a staircase to the Ecumenical Temple.
  3865 | D:5      | Found a sparkling altar of Nemelex Xobeh.
  4088 | D:5      | Noticed Pikel
  4101 | D:5      | Killed Pikel
  4101 | D:5      | Reached skill level 5 in Fighting
  4101 | D:5      | Reached skill level 5 in Long Blades
  4101 | D:5      | Reached skill level 1 in Stealth
  4101 | D:5      | Gained mutation: You sometimes gain a little power by taking damage. [demonic ancestry]
  4101 | D:5      | Reached XP level 8. HP: 61/62 MP: 8/8
  4104 | D:5      | Reached skill level 5 in Armour
  4118 | D:5      | Found a deep blue altar of Sif Muna.
  4877 | D:7      | Reached skill level 5 in Dodging
  4916 | D:7      | Reached XP level 9. HP: 69/69 MP: 9/9
  4941 | D:7      | Mangled by a hog

Skill      XL: |  1  2  3  4  5  6  7  8  9 |
---------------+----------------------------+-----
Armour         | 2 3 4 5 |  5.6
Long Blades    | 3 4 5 6 |  6.7
Dodging        | 2 3 4 5 |  5.6
Fighting       | 4 5 6 |  6.2
Short Blades   | 1 |  1.2
Stealth        | 1 2 |  2.0

Action                   |  1- 3 |  4- 6 |  7- 9 || total
-------------------------+-------+-------+-------++-------
Melee: Falchion          |    33 |   107 |   232 ||   372
       Dagger            |    32 |    23 |       ||    55
       Kick              |     4 |    37 |    18 ||    59
Invok: Berserk           |     1 |     4 |     6 ||    11
       Burn Spellbooks   |       |       |     1 ||     1
  Use: Scroll            |     7 |     3 |     5 ||    15
       Potion            |       |       |     2 ||     2
 Stab: Sleeping          |       |       |     1 ||     1
  Eat: Chunk             |       |     8 |    11 ||    19
       Ration            |       |       |     1 ||     1
Armor: Ring mail         |    24 |    11 |     7 ||    42
       Animal skin       |     2 |       |       ||     2
       Scale mail        |       |    55 |    18 ||    73
       Robe              |       |       |    69 ||    69
Dodge: Dodged            |    44 |    85 |   161 ||   290
       Rpst.: Falchion   |     8 |    21 |    58 ||    87
